Map: Jagannatha LE

Players

GOStephano (Stephano)

  • Race: Zerg Zerg
  • League: Master

ShoWTimE - Winner!

  • Race: Protoss Protoss
  • League: Grandmaster

Event: DreamHack SC2 Masters 2021 Summer

VOD

Have the link to the VOD?

Description

Time

  • Played on: May 25, 2021, 1:34 p.m.
  • Length: 12:08

All games in this series

Show
View Real Time Build Order
Export as new Build Order

GOStephano Zerg 

Build Orders: Hatch First 

Get SALT Encoding   

  12  0:00  Drone  
  13  0:12  Overlord  
  13  0:16  Drone  
  14  0:30  Drone x2  
  16  0:48  Hatchery  
  15  0:50  Drone  
  15  0:54  Drone  
  17  0:58  Drone  
  18  1:08  Extractor  
  17  1:13  Spawning Pool  
  17  1:16  Drone  
  17  1:20  Drone  
  18  1:27  Drone  
  19  1:39  Drone  
  20  1:50  Drone  
  21  1:59  Drone  
  21  2:00  Drone, Queen x2  
  27  2:16  Overlord  
  27  2:19  Drone  
  28  2:23  Hatchery  
  28  2:27  Metabolic Boost  
  28  2:29  Zergling x2  
  28  2:34  Zergling x2  
  29  2:39  Queen  
  29  2:42  Drone  
  32  2:44  Drone  
  32  2:48  Overlord  
  33  2:53  Drone  
  33  2:54  Drone  
  33  2:58  Drone  
  36  3:10  Drone x2, Zergling x2  
  36  3:11  Zergling x2  
  40  3:13  Drone x2  
  40  3:14  Overlord  
  42  3:21  Queen  
  41  3:32  Drone  
  41  3:33  Drone  
  43  3:35  Drone x2  
  43  3:36  Drone x2  
  43  3:38  Spore Crawler  
  46  3:42  Queen  
  46  3:45  Zergling x2  
  46  3:47  Zergling x2  
  50  3:51  Drone  
  50  3:52  Drone  
  50  3:53  Drone  
  54  3:55  Drone  
  54  4:06  Zergling x4  
  54  4:07  Drone x2, Overlord  
  54  4:09  Overlord  
  56  4:10  Drone x2  
  56  4:16  Spore Crawler  
  58  4:17  Drone, Spore Crawler  
  58  4:19  Drone  
  58  4:30  Drone x4  
  61  4:33  Drone x3  
  61  4:34  Drone x2  
  61  4:38  Evolution Chamber  
  65  4:43  Drone  
  65  4:44  Drone  
  67  4:50  Overlord  
  67  4:54  Lair  
  67  4:56  Drone x5  
  67  4:57  Drone  
  72  5:01  Drone  
  72  5:02  Extractor, Overlord  
  72  5:04  Extractor  
  71  5:07  Spore Crawler  
  71  5:08  Overlord  
  71  5:12  Zerg Melee Weapons Level 1  
  71  5:14  Extractor, Baneling Nest  
  69  5:16  Extractor, Drone x7  
  74  5:21  Zergling x4  
  76  5:37  Zergling x8  
  76  5:40  Drone x2  
  76  5:42  Hatchery  
  81  5:46  Queen  
  81  5:48  Overlord  
  83  5:50  Overlord  
  83  5:54  Hydralisk Den  
  83  5:56  Drone  
  83  5:58  Centrifical Hooks  
  83  6:04  Zergling x24  
  95  6:18  Drone x2  
  95  6:20  Drone  
  96  6:27  Drone x4  
  96  6:28  Baneling x6  
  100  6:33  Hydralisk x5, Muscular Augments  
  110  6:40  Overlord x2  
  110  6:41  Overlord  
  109  6:53  Hydralisk x5  
  112  7:02  Hydralisk x3  
  112  7:08  Zergling x16  
  115  7:15  Hydralisk x3  
  120  7:24  Zerg Melee Weapons Level 2, Overlord  
  120  7:28  Drone x4  
  120  7:29  Spore Crawler, Overlord  
  123  7:34  Zergling x8  
  127  7:40  Baneling  
  127  7:41  Baneling x7  
  127  7:42  Zergling x2  
  128  7:44  Grooved Spines  
  128  7:54  Zergling x18  
  137  8:02  Zergling x10  
  140  8:09  Zergling x12  
  137  8:15  Hydralisk  
  137  8:16  Hydralisk x3  
  141  8:22  Hydralisk x5  
  140  8:29  Drone x4  
  140  8:32  Hydralisk x4  
  150  8:38  Hydralisk  
  152  8:41  Overlord  
  152  8:44  Spine Crawler  
  152  8:45  Spine Crawler, Zergling x8  
  150  8:52  Zergling x2  
  150  8:53  Zergling x14  
  157  9:07  Zergling x10  
  157  9:08  Baneling x11  
  161  9:10  Baneling x6  
  161  9:15  Zergling x8  
  165  9:19  Baneling x5  
  165  9:23  Zergling x4  
  167  9:36  Zergling x2, Overlord  
  167  9:37  Overlord x2  
  167  9:38  Overlord  
  152  9:47  Hydralisk x7  
  152  9:48  Hydralisk  
  157  9:52  Zergling x2  
  157  9:53  Zergling x8  
  140  10:02  Hydralisk x4  
  140  10:04  Zergling x2  
  140  10:05  Zergling x10  
  136  10:11  Baneling x3  
  136  10:12  Baneling x2  
  128  10:14  Extractor  
  128  10:17  Zergling x14  
  134  10:27  Drone x3  
  137  10:28  Drone  
  137  10:29  Hatchery  
  137  10:38  Zergling x12  
  137  10:42  Drone, Extractor  
  143  10:45  Baneling x7  
  143  10:46  Baneling x5  
  143  10:49  Zergling x10  
  147  11:05  Baneling x4  
  147  11:08  Zergling x26  
  148  11:26  Zergling x22  
  155  11:35  Extractor  
  150  11:41  Baneling x4  
  150  11:42  Baneling x13, Zergling x2  
  150  11:43  Zergling x20  
  160  11:53  Overseer x2  
Show
View Real Time Build Order
Export as new Build Order

ShoWTimE Protoss - Winner!

Build Orders: 1 Gate Expand, Oracle Opening, Archon Immortal 

Get SALT Encoding   

  12  0:00  Probe  
  13  0:12  Probe  
  14  0:18  Pylon  
  14  0:24  Probe  
  15  0:36  Probe (Chrono Boost)  
  15  0:38  Gateway  
  16  0:46  Probe (Chrono Boost)  
  16  0:47  Assimilator  
  17  0:51  Probe  
  18  1:03  Probe  
  19  1:15  Probe  
  20  1:23  Nexus  
  20  1:33  Cybernetics Core  
  20  1:37  Probe  
  21  1:42  Assimilator  
  21  1:49  Probe  
  21  1:51  Pylon  
  23  2:01  Probe  
  23  2:07  Adept (Chrono Boost)  
  23  2:13  Probe  
  26  2:20  Stargate  
  26  2:26  Probe (Chrono Boost)  
  26  2:27  Adept (Chrono Boost)  
  27  2:33  Warp Gate  
  27  2:36  Probe (Chrono Boost)  
  30  2:43  Probe (Chrono Boost)  
  32  2:45  Probe (Chrono Boost)  
  32  2:49  Adept  
  32  2:50  Probe x2 (Chrono Boost)  
  36  3:00  Pylon  
  36  3:01  Probe  
  36  3:02  Probe  
  36  3:04  Oracle (Chrono Boost)  
  41  3:14  Probe x2  
  41  3:19  Adept  
  45  3:26  Probe x2  
  43  3:36  Oracle (Chrono Boost)  
  43  3:38  Probe x2, Gateway  
  48  3:44  Pylon  
  48  3:50  Probe x2  
  50  4:01  Nexus  
  50  4:02  Probe x2  
  52  4:07  Oracle (Chrono Boost)  
  51  4:14  Probe x2  
  51  4:15  Pylon  
  56  4:22  Assimilator  
  56  4:24  Assimilator  
  56  4:26  Probe  
  56  4:28  Adept  
  59  4:32  Adept  
  59  4:33  Probe  
  59  4:37  Robotics Facility  
  62  4:38  Probe, Pylon  
  62  4:45  Probe  
  64  4:51  Probe (Chrono Boost)  
  65  4:53  Forge  
  65  4:54  Gateway  
  65  4:57  Probe (Chrono Boost)  
  68  5:08  Probe (Chrono Boost), Twilight Council, Sentry  
  68  5:09  Probe (Chrono Boost)  
  68  5:12  Shield Battery  
  68  5:13  Sentry  
  73  5:16  Probe (Chrono Boost)  
  73  5:17  Probe (Chrono Boost)  
  73  5:21  Probe (Chrono Boost)  
  75  5:23  Probe (Chrono Boost)  
  75  5:25  Protoss Ground Weapons Level 1 (Chrono Boost)  
  75  5:26  Probe (Chrono Boost)  
  75  5:28  Probe x2 (Chrono Boost), Observer  
  81  5:35  Probe  
  81  5:38  Pylon  
  81  5:39  Probe, Charge, Assimilator  
  81  5:40  Probe (Chrono Boost)  
  81  5:42  Assimilator  
  83  5:45  Pylon  
  83  5:49  Immortal  
  88  5:51  Probe (Chrono Boost)  
  88  5:52  Probe (Chrono Boost)  
  90  5:57  Probe (Chrono Boost)  
  90  5:59  Gateway  
  90  6:00  Gateway, Sentry  
  90  6:01  Probe (Chrono Boost)  
  90  6:02  Probe (Chrono Boost)  
  90  6:03  Phoenix x2  
  95  6:04  Probe (Chrono Boost)  
  95  6:08  Probe  
  95  6:10  Gateway  
  96  6:19  Gateway  
  96  6:22  Gateway  
  96  6:23  Gateway  
  96  6:25  Templar Archives  
  96  6:29  Gateway  
  96  6:38  Photon Cannon, Warp Prism (Chrono Boost)  
  98  6:44  Zealot x3  
  104  6:48  Pylon  
  104  6:50  Nexus  
  104  6:53  Pylon  
  104  6:55  Probe (Chrono Boost)  
  104  6:56  Probe (Chrono Boost), Pylon  
  104  7:06  Probe (Chrono Boost)  
  104  7:08  Probe (Chrono Boost)  
  86  7:14  Probe (Chrono Boost)  
  85  7:16  Probe (Chrono Boost)  
  85  7:18  Probe (Chrono Boost), Zealot x3  
  85  7:20  Probe (Chrono Boost)  
  85  7:22  Probe (Chrono Boost)  
  93  7:25  High Templar x3  
  93  7:26  High Templar  
  93  7:27  Probe (Chrono Boost)  
  93  7:28  Immortal (Chrono Boost)  
  93  7:29  Protoss Ground Weapons Level 2 (Chrono Boost)  
  105  7:34  Probe (Chrono Boost), Archon x2  
  105  7:36  Zealot  
  110  7:38  Probe x2 (Chrono Boost)  
  110  7:39  High Templar  
  110  7:40  High Templar  
  110  7:41  Probe (Chrono Boost)  
  110  7:44  Archon  
  115  7:45  Zealot  
  115  7:50  Zealot  
  116  7:54  Shield Battery  
  116  7:56  Shield Battery  
  116  8:01  Shield Battery, Zealot x4  
  116  8:02  Zealot  
  126  8:08  Shield Battery  
  120  8:17  Pylon  
  114  8:25  High Templar  
  114  8:26  High Templar  
  106  8:29  Immortal  
  106  8:30  Zealot  
  106  8:33  High Templar  
  108  8:34  Nexus  
  108  8:36  Pylon x2  
  108  8:37  Archon  
  108  8:39  High Templar x4  
  116  8:44  Archon x2  
  116  8:53  Pylon  
  116  8:54  Zealot  
  116  8:55  Pylon  
  116  9:01  High Templar x2  
  120  9:04  Shield Battery  
  120  9:05  Archon, Shield Battery  
  120  9:08  Photon Cannon, Immortal  
  124  9:10  Photon Cannon  
  124  9:11  Probe x2  
  124  9:13  Pylon x2  
  124  9:14  High Templar  
  128  9:18  Archon  
  128  9:21  Shield Battery  
  128  9:25  Zealot x2  
  128  9:26  Zealot x5  
  142  9:44  Psionic Storm  
  142  9:45  Zealot x3  
  140  9:47  Immortal  
  140  9:50  Zealot x4  
  138  9:54  Zealot x2  
  138  9:59  Pylon  
  136  10:02  Probe x2  
  136  10:03  Assimilator  
  136  10:08  Assimilator  
  136  10:11  High Templar x4  
  136  10:13  Probe x2  
  146  10:18  Photon Cannon  
  146  10:25  High Templar  
  146  10:26  High Templar  
  146  10:28  Photon Cannon  
  150  10:30  Probe x4  
  150  10:31  Photon Cannon, Archon  
  154  10:40  High Templar  
  156  10:48  Pylon  
  156  10:50  Pylon  
  156  10:53  Photon Cannon, Pylon  
  154  10:59  Pylon  
  150  11:05  Zealot x9  
  166  11:22  Stalker  
  164  11:26  Photon Cannon  
  164  11:29  Stalker  
  164  11:30  Zealot x4  
  162  11:35  Photon Cannon x2  
  162  11:39  High Templar x3  
  168  11:40  High Templar  
  168  11:43  Archon  
  168  11:44  Archon  
  170  11:53  Photon Cannon  
  170  11:54  Fleet Beacon  
  157  12:01  Stargate  
  157  12:02  Zealot x6  
  157  12:03  Stargate  
Tags
 
Add a new tag
Caveats
  • Supply blocks, unpowered buildings, or Contaminate may cause inaccurate times.
  • Supply counts are checked every 10 seconds.